 Dungeon Crawl Stone Soup version 0.26-a0-651-gb41185065b (webtiles) character file.

Game seed: 4848186145918018928

34 Lugonue the Insei (level 3, 0/23 HPs)
             Began as an Octopode Transmuter on Oct 29, 2020.
             Slain by a black bear (4 damage)
             ... on level 3 of the Dungeon.
             The game lasted 00:01:20 (2035 turns).

Lugonue the Insei (Octopode Transmuter)             Turns: 2035, Time: 00:01:21

Health: 0/23       AC:  1    Str:  9    XL:     3   Next: 31%
Magic:  5/6        EV: 13    Int: 16    God:
Gold:   81         SH:  0    Dex: 12    Spells: 5/6 levels left

rFire    . . .     SeeInvis .     - Unarmed
rCold    . . .     Faith    .   (no shield)
rNeg     . . .     Spirit   .   (helmet currently unavailable)
rPois    .         Reflect  .   (no amulet)
rElec    .         Harm     .   (no ring)
rCorr    .         Rampage  .   (no ring)
MR       .....                  (no ring)
Stlth    ++........             (no ring)
HPRegen  0.07/turn              (no ring)
MPRegen  0.10/turn              (no ring)
                                (no ring)
                                (no ring)

@: appendages
A: almost no armour, stealthy swim, amphibious, 8 rings, constrict 8, tentacle
spike 3, camouflage 1, gelatinous body 1
a: End Transformation


You were on level 3 of the Dungeon.
One of your tentacles had a temporary spike.
You visited 1 branch of the dungeon, and saw 3 of its levels.

You collected 81 gold pieces.

Inventory:

Missiles
 g - 7 poisoned darts (quivered)
Scrolls
 a - 3 scrolls of identify {unknown}
 d - a scroll of immolation {unknown}
 e - 2 scrolls of remove curse {unknown}
 f - a scroll of magic mapping {unknown}
Potions
 b - 6 potions of curing {unknown}
 c - a potion of berserk rage {unknown}
 h - 2 potions of heal wounds {unknown}
 i - a potion of haste {unknown}


   Skills:
 + Level 1.0 Fighting
 + Level 2.2 Dodging
 + Level 0.5 Stealth
 + Level 3.5 Unarmed Combat
 + Level 2.4 Spellcasting
 + Level 2.3 Transmutations


You had 5 spell levels left.
You knew the following spells:

 Your Spells              Type           Power        Failure   Level
a - Beastly Appendage     Tmut           #.....       8%          1

Your spell library contained the following spells:

 Spells                   Type           Power        Failure   Level
 Wereblood                Tmut           #.......     12%         2
 Spider Form              Tmut/Pois      #.........   36%         3
 Ice Form                 Ice/Tmut       #.......     77%         4
 Blade Hands              Tmut           #.........   91%         5


Dungeon Overview and Level Annotations

Branches:
Dungeon (3/15)

Altars:
Uskayaw
Zin


Innate Abilities, Weirdness & Mutations

You cannot wear most types of armour.
You are very stealthy in the water. (Stealth+)
You are amphibious.
You can wear up to eight rings at the same time.
You can use your tentacles to constrict eight enemies at once.
Your skin changes colour to match your surroundings (Stealth+).
Your rubbery body absorbs attacks. (AC +1, EV +1)
One of your tentacles bears a large vicious spike.


Message History

Aim: a black bear (lightly wounded, poisoned)
You throw a poisoned dart. The poisoned dart hits the black bear.
The black bear looks even sicker.
The black bear is lightly wounded.
A kobold comes into view.
Casting: Beastly Appendage (safe; 8% risk of failure)
Confirm with . or Enter, or press ? or * to list all spells.
One of your tentacles grows a vicious spike.
The black bear bites you! The black bear claws you. The black bear misses you.
You tentacle-slap the black bear. Your grab misses the black bear.
You pierce the black bear, but do no damage.
The black bear is moderately wounded.
The black bear completely misses you. The black bear misses you.
The black bear claws you.
You closely miss the black bear. Your grab misses the black bear.
The black bear is heavily wounded.
The black bear bites you.
* * * LOW HITPOINT WARNING * * *
The black bear claws you.
You die...

###########
#K..#†........#
#?..#.#######.#
#.(.#.# #.#
#.(.#.# #.#
#..(#<# #.#
#..(#.# #.#
##.#...#########.#
........gh@......#
##.#.#############


You could see a black bear (poisoned) and a goblin.

Vanquished Creatures
  A dart slug (D:1)
  A leopard gecko (D:1)
  2 bats
  A giant cockroach (D:2)
  5 goblins
  A hobgoblin (D:1)
  5 jackals (D:2)
  4 kobolds
  A quokka (D:2)
  A ball python (D:1)
  5 rats
27 creatures vanquished.

Notes
Turn   | Place    | Note
-------+----------+-------------------------------------------
     0 | D:1      | Lugonue the Octopode Transmuter began the quest for the
                  | Orb.
     0 | D:1      | Reached XP level 1. HP: 13/13 MP: 3/3
   493 | D:1      | Reached XP level 2. HP: 18/18 MP: 5/5
  1339 | D:2      | Reached XP level 3. HP: 18/23 MP: 6/6
  1616 | D:2      | Found a glowing silver altar of Zin.
  1623 | D:2      | Found a hide-covered altar of Uskayaw.
  2025 | D:3      | Noticed a black bear
  2035 | D:3      | Slain by a black bear

Illustrated notes

Levels and vault maps discovered:
D:1:      minmay_arrival_doors, layout_basic
D:2:      minmay_chambers_of_ones, layout_rooms, amethyst_overflow_temple_binary
D:3:      layout_basic, uniq_robin, uniq_jessica

Action                   || total
-------------------------++-------
Melee: Unarmed           ||    68
       Constrict         ||    21
       Kick              ||     6
       Tentacles         ||     4
Throw: Dart              ||     4
 Cast: Beastly Appendage ||     4
 Stab: Sleeping          ||     4
Armor: Skin              ||     2
Dodge: Dodged            ||    57

Table legend: (Time is in decaauts)
 A = Elapsed time spent in this place.
 B = Non-inter-level travel time spent in this place.
 C = Inter-level travel time spent in this place.
 D = Time resting spent in this place.
 E = Time spent auto-exploring this place.
 F = Levels seen in this place.
 G = Mean time per level.
                   A        B        C        D        E       F      G
               +--------+--------+--------+--------+--------+-----+--------+
         Total |   2030 |   1981 |     49 |      0 |   1787 |   3 |  676.7 |
       Dungeon |   2030 |   1981 |     49 |      0 |   1787 |   3 |  676.7 |
               +--------+--------+--------+--------+--------+-----+--------+

Top non-repeatable levels by time:
     D:2: 1071 daAuts
     D:1: 907 daAuts
     D:3: 51 daAuts
